AoeStats
← ITA | Raffy

Nomad

504097188Analyzed
4v4 RM · 29d ago on Sep 3, 2026· 41m 15s· 8 players
Game mode
Random Map
Map size
231×231
Population
200
Speed
Normal
Resources
Standard
Victory
Conquest
Starting age
Dark Age
Ending age
Imperial Age
RankedLock teamsTeams togetherTeam positionsShared explorationLock speedFull tech treeHidden civsTurbo modeCheats
Victory
Defeat
🇬🇧 Wu · United Kingdom
1359
+17
🇺🇸 Malians · United States
1355
+17
🇦🇷 Mongols · Argentina
1351
+17
🇧🇪 Persians · Belgium
1316
+19
1460
-22
🇹🇼 Celts · Taiwan
1396
-18
🇮🇹 Japanese · Italy
1394
-18
🇮🇹 Wu · Italy
1252
-12
Monty
4:35 Loom
13:41 Feudal Age
18:11 Castle Age
16:40 Double-Bit Axe
18:16 Fletching
30:04 Wheelbarrow
31:01 Scale Mail Armor
34:08 Chain Mail Armor
33:57 Horse Collar
34:57 Heavy Plow
35:09 Bow Saw
35:36 Forging
40:27 Imperial Age
39:47 Hand Cart
40:09 Iron Casting
39:35 Town Watch
40:24 Bodkin Arrow
40:49 Tigui
41:19 Scale Barding Armor
41:19 Farimba
Te_Detono_FaciL
4:51 Loom
13:56 Feudal Age
17:38 Castle Age
16:59 Stone Mining
18:31 Fletching
19:13 Double-Bit Axe
23:42 Bodkin Arrow
25:59 Padded Archer Armor
41:47 Bow Saw
Jonsey8
7:30 Loom
13:50 Feudal Age
16:16 Double-Bit Axe
21:43 Castle Age
23:15 Fletching
26:08 Bow Saw
28:44 Horse Collar
32:45 Heavy Plow
35:28 Wheelbarrow
36:52 Gold Mining
37:27 Bodkin Arrow
38:37 Padded Archer Armor
39:34 Hand Cart
43:32 Imperial Age
40:48 Town Watch
Il_Falco
6:16 Loom
13:41 Feudal Age
14:00 Double-Bit Axe
16:19 Gold Mining
18:57 Castle Age
17:10 Bloodlines
17:40 Scale Barding Armor
17:56 Forging
17:41 Fishing Lines
18:17 Horse Collar
18:33 Town Watch
19:52 Bow Saw
24:00 Wheelbarrow
24:10 Chain Barding Armor
25:05 Husbandry
27:11 Iron Casting
27:18 Heavy Plow
28:49 Hand Cart
29:12 Medium Warships
28:55 Gillnets
33:09 Imperial Age
30:50 Stone Mining
31:38 Gold Shaft Mining
32:39 Fletching
33:02 Cavalier
34:21 Plate Barding Armor
35:55 Bodkin Arrow
37:06 Blast Furnace
37:35 Two-Man Saw
37:54 Stone Shaft Mining
37:48 Conscription
38:42 Chemistry
38:03 Ballistics
37:55 Masonry
37:57 Savar
39:56 Guilds
40:17 Coinage
40:58 Crop Rotation
40:15 Light Cavalry
41:34 Citadels
ITA | CivettaAviotrasportata
5:30 Loom
13:47 Feudal Age
17:45 Castle Age
15:46 Double-Bit Axe
16:23 Town Watch
17:57 Scale Barding Armor
23:12 Chain Barding Armor
36:01 Wheelbarrow
37:10 Fishing Lines
39:27 Hand Cart
39:37 Medium Warships
39:57 Forging
鬼洗
4:37 Loom
13:16 Feudal Age
18:57 Castle Age
17:42 Double-Bit Axe
17:49 Gold Mining
20:02 Medium Warships
20:19 Bow Saw
21:31 Wheelbarrow
20:58 Fletching
21:46 Gold Shaft Mining
20:52 Horse Collar
23:13 Stone Mining
23:25 Heavy Plow
27:24 Ballistics
33:35 Imperial Age
31:15 Fishing Lines
31:56 Hand Cart
34:35 Furor Celtica
33:57 Heavy Scorpion
34:35 Capped Ram
36:44 Siege Ram
Spada_Arancio
9:46 Loom
13:36 Feudal Age
15:03 Fletching
23:48 Wheelbarrow
33:12 Castle Age
ITA | Raffy
3:45 Loom
13:15 Feudal Age
13:49 Double-Bit Axe
16:23 Fishing Lines
16:46 Fletching
17:16 Town Watch
18:07 Wheelbarrow
22:58 Castle Age
23:34 Bodkin Arrow
24:23 Treadmill Crane
26:11 Guard Tower
27:26 Ballistics
31:10 Gillnets
35:18 Imperial Age
33:41 Stone Mining
34:57 Pikeman
35:37 Squires
35:47 Murder Holes
Connection lost

Rejoining the realm…

Still unreachable

The connection could not be restored.

Session expired

The server has moved on; the page needs a fresh start.